 Dungeon Crawl Stone Soup version 0.32-a0-918-g0f22ef8d61 (webtiles) character file.

Game seed: 7279067659086310486

10068 jlumianski the Cleaver (level 11, -3/87 HPs)
             Began as a Coglin Gladiator on Apr 10, 2024.
             Was a Priest of Wu Jian.
             Slain by a gnoll sergeant
             ... wielding a +0 halberd
              (12 damage)
             ... in a bailey.
             The game lasted 01:02:52 (10035 turns).

jlumianski the Cleaver (Coglin Gladiator)          Turns: 10035, Time: 01:02:54

Health: -3/87      AC: 14    Str: 22    XL:     11   Next: 56%
Magic:  11/11      EV:  7    Int:  8    God:    Wu Jian [***...]
Gold:   573        SH:  0    Dex: 14    Spells: 10/10 levels left

rFire   . . .        E - +3 broad axe (elec) {Yamquzzuhalamma}
rCold   . . .        U - +2 dagger (venom) {Waqi}
rNeg    . . .        r - +0 plate armour
rPois   .            c - +2 helmet
rElec   .            (no cloak)
rCorr   .            (no gloves)
SInv    .            i - +1 pair of boots
Will    .....        (amulet unavailable) Stlth
                     (ring unavailable)
HPRegen 0.34/turn    (ring unavailable)
MPRegen 0.12/turn    (no gizmo)

%: no passive effects
@: weakened, corroded, studying Axes
A: off-hand wielding, slow wielding, warmup strikes, no jewellery, strong 1
a: Invent Gizmo, Renounce Religion, Wall Jump, Serpent's Lash


You were in a bailey.
You worshipped Wu Jian.
Wu Jian was most pleased with you.
You visited 2 branches of the dungeon, and saw 11 of its levels.
You also visited: Ossuary and Bailey.

You collected 1569 gold pieces.
You spent 996 gold pieces at shops.

Inventory:

Hand Weapons
 E - a +3 broad axe of electrocution (weapon) {Yamquzzuhalamma}
 T - a +1 dagger of speed {Prani}
 U - a +2 dagger of venom (offhand) {Waqi}
Missiles
 d - 10 throwing nets
 e - 7 javelins
 p - 6 boomerangs (quivered)
 y - 4 atropa-tipped darts
 J - a curare-tipped dart
 L - 24 poisoned darts
Armour
 c - a +2 helmet (worn)
 i - a +1 pair of boots (worn)
 r - a +0 plate armour (worn)
Wands
 s - a wand of acid (9)
 x - a wand of warping (4)
 A - a wand of polymorph (13)
 Q - a wand of charming (11)
Scrolls
 k - 2 scrolls of fear
 q - a scroll of poison
 w - a scroll of blinking
 D - 3 scrolls of teleportation
 M - 2 scrolls of fog
 O - a scroll of silence
 V - 2 scrolls of revelation {unknown}
Potions
 j - a potion of cancellation
 l - 5 potions of curing
 n - a potion of haste
 v - 3 potions of heal wounds
 B - a potion of lignification {unknown}
 C - 3 potions of might
 G - 2 potions of enlightenment
 H - 2 potions of resistance
 K - a potion of berserk rage {unknown}
 P - a potion of attraction
 R - a potion of degeneration {unknown}


   Skills:
 + Level 8.3 Fighting
 + Level 4.8 Short Blades
 + Level 14.0 Axes
 + Level 3.2 Throwing
 + Level 6.4 Armour
 + Level 3.5 Dodging
 + Level 0.1 Stealth


You had 10 spell levels left.
You didn't know any spells.
Your spell library contained the following spells:

 Spells                   Type           Power      Damage    Failure   Level
 Foxfire                  Conj/Fire      0%         2x1d4     100%        1
 Magic Dart               Conj           0%         1d3       100%        1
 Blink                    Tloc           0%         N/A       100%        2
 Call Imp                 Summ           0%         N/A       100%        2
 Ensorcelled Hibernation  Hex/Ice        0%         N/A       100%        2
 Lesser Beckoning         Tloc           0%         N/A       100%        2
 Static Discharge         Conj/Air       0%         3-3/arc   100%        2
 Maxwell's Portable Pile  Tloc           0%         2d(5-13)  100%        3
 Passwall                 Erth           0%         N/A       100%        3
 Sigil of Binding         Hex            0%         N/A       100%        3
 Swiftness                Air            0%         N/A       100%        3
 Teleport Other           Tloc           0%         N/A       100%        3
 Airstrike                Air            0%         2d(0-16)  100%        4
 Summon Lightning Spire   Summ/Air       0%         N/A       100%        4
 Death Channel            Necr           0%         N/A       100%        6
 Plasma Beam              Fire/Air       0%         2x1d10    100%        6
 Sculpt Simulacrum        Ice/Alch       0%         N/A       100%        6
 Starburst                Conj/Fire      0%         6d3       100%        6


Dungeon Overview and Level Annotations

Branches:
Dungeon (10/15)            Temple (1/1) D:4            Lair (0/5) D:10
Ossuary (visited)          Bailey (1/1)
    Orc: D:9-12

Altars:
Ashenzari
Cheibriados
Dithmenos
Elyvilon
Fedhas
Gozag
Kikubaaqudgha
Makhleb
Nemelex Xobeh
Okawaru
Qazlal
Ru
Sif Muna
Trog
Uskayaw
Vehumet
Wu Jian
Xom
Yredelemnul
Zin
The Shining One

Shops:
D:3 [((:   D:7 !   D:8 :


Innate Abilities, Weirdness & Mutations

You can wield a second weapon in your off-hand.
It takes a long time for you to wield or remove held weapons.
Your first few attacks do less damage.
You cannot equip rings or amulets.
Your muscles are strong. (Str +4, Int/Dex -1)


Message History

a +0 spear; a +0 ring mail; a gnoll corpse The gnoll sergeant shoots a sling bullet.
The sling bullet hits you.
* * * LOW HITPOINT WARNING * * *
You are splashed with acid!
* * * LOW HITPOINT WARNING * * *
The gnoll sergeant shoots a sling bullet.
The sling bullet hits you but does no damage.
You are splashed with acid!
* * * LOW HITPOINT WARNING * * *
The gnoll bouda barks out a call to the hunt!
The gnoll sergeant picks up the pace!
The gnoll sergeant attacks as it pursues you!
The gnoll sergeant hits you from afar with a +0 halberd.
* * * LOW HITPOINT WARNING * * *
There is an open door here.
You feel much better.
The gnoll sergeant is no longer moving quickly.
The gnoll sergeant barely misses you.
The gnoll bouda barks out a call to the hunt!
The gnoll sergeant picks up the pace!
The gnoll sergeant shoots a sling bullet.
The sling bullet hits you but does no damage.
You are splashed with acid.
* * * LOW HITPOINT WARNING * * *
The gnoll bouda gazes fiercely through you!
You feel your attacks grow feeble.
Aiming: Corrosive Bolt
Press: ? - help, Shift-Dir - straight line, f - gnoll sergeant
Aim: a gnoll sergeant, wielding a +0 halberd and wearing a +0 plate armour (covering ground quickly, 86% to hit)
The bolt of acid hits the gnoll sergeant.
The acid corrodes the gnoll sergeant!
The gnoll sergeant is lightly wounded.
The gnoll sergeant shoots a sling bullet.
The sling bullet hits you!
* * * LOW HITPOINT WARNING * * *
You are splashed with acid!
* * * LOW HITPOINT WARNING * * *
The gnoll sergeant hits you from afar with a +0 halberd!
You die...

≈≈...# ..≈≈♣♣ ≈...##.ß. #..≈.♣
≈..##... #..≈.♣♣ ≈..#....
#..≈..♣♣ ≈..#... ##### #..≈...♣
≈..#... ##...## #..≈...♣
≈..##'###.....######..≈...♣♣
≈....).#.......#...'...)...♣♣♣#
≈...†..'..gß).g'@..'...)..∩..∩#
≈...)))#....g..#...'...)†..♣♣♣#
≈..##)###...).######..≈...♣♣
≈..#....##...## #..≈..♣♣
≈..#.....#####.. #..≈..♣
≈..#.....)gg.... #..≈..♣
≈..##........... #..≈.♣♣
≈...##.ß.......ß #..≈.♣
≈≈...########### ..≈≈♣♣


You could see 2 gnoll sergeants and a gnoll bouda.

Vanquished Creatures
  2 two-headed ogres
  3 kobold demonologists (D:9)
  Sigmund (D:2)
  A wyvern (D:7)
  A wraith (D:6)
  10 yaks
  Grum (Bailey)
  2 steam dragons
  2 acid dragons
  Edmund (D:5)
  3 water moccasins
  4 black bears
  3 orc warriors
  4 ogres
  2 ice beasts (D:6)
  6 wolves
  4 kobold brigands (D:9)
  A bullfrog (D:8)
  15 scorpions
  3 gnoll sergeants (Bailey)
  8 wights
  A jelly (D:5)
  7 killer bees (D:9)
  A howler monkey (D:7)
  A bombardier beetle (D:4)
  2 centaur zombies (Ossuary)
  3 hounds
  4 human zombies (Ossuary)
  3 gnoll boudas (Bailey)
  4 orc priests
  A sleepcap (D:6)
  Natasha (twice) (D:2)
  2 iguanas (D:5)
  5 orc wizards
  4 scorpion zombies (Ossuary)
  3 mummies (Ossuary)
  Robin (D:4)
  9 adders
  16 gnolls
  2 white imps
  2 ufetubi (D:5)
  2 adder zombies (Ossuary)
  A dart slug (D:4)
  7 ribbon worms
  25 orcs
  6 bats
  9 endoplasms
  2 giant cockroaches
  21 goblins
  11 hobgoblins
  6 jackals
  7 quokkas
  8 ball pythons
  3 frilled lizards
  3 gnoll zombies (Ossuary)
  2 jackal zombies (Ossuary)
  15 kobolds
  3 orc zombies (Ossuary)
  A rat (D:1)
282 creatures vanquished.

Notes
Turn   | Place    | Note
-------+----------+-------------------------------------------
     0 | D:1      | jlumianski the Coglin Gladiator began the quest for the
                  | Orb.
     0 | D:1      | Reached XP level 1. HP: 16/16 MP: 1/1
    94 | D:1      | Reached XP level 2. HP: 22/22 MP: 2/2
   295 | D:2      | Noticed Sigmund
   491 | D:1      | Found a faded altar of an unknown god.
   580 | D:2      | Noticed Natasha
   596 | D:1      | Reached XP level 3. HP: 14/28 MP: 3/3
   660 | D:2      | Killed Natasha
   764 | D:2      | Reached skill level 1 in Short Blades
   764 | D:2      | Reached XP level 4. HP: 31/34 MP: 4/4
   907 | D:3      | Found Hikk's Armour Shop.
  1002 | D:3      | Found Curoemed's Weapon Emporium.
  1015 | D:3      | Bought 2 boomerangs for 40 gold pieces
  1068 | D:3      | Found Topolaits's Book Boutique.
  1068 | D:3      | Noticed a scorpion
  1078 | D:3      | Killed a scorpion
  1079 | D:3      | Reached skill level 4 in Axes
  1079 | D:3      | Reached skill level 1 in Armour
  1079 | D:3      | Reached XP level 5. HP: 34/39 MP: 5/5
  1372 | D:3      | Gained mutation: Your muscles are strong. (Str +4, Int/Dex
                  | -1) [potion of mutation]
  1495 | D:2      | Killed Sigmund
  1496 | D:2      | Reached skill level 5 in Axes
  1496 | D:2      | Reached XP level 6. HP: 44/47 MP: 6/6
  1534 | D:2      | Noticed Natasha
  1538 | D:2      | Killed Natasha
  1545 | D:2      | Found a broken altar of Ashenzari.
  1878 | D:3      | Found Rux Gioj's Weapon Emporium.
  1985 | D:5      | Entered Level 5 of the Dungeon
  2006 | D:5      | Reached XP level 7. HP: 23/52 MP: 7/7
  2015 | D:5      | Identified the +5 longbow of Valuable Assets {drain, rN+
                  | Str+4 Int+3}
  2562 | D:5      | Noticed Edmund
  2575 | D:5      | Found a sand-covered staircase.
  2581 | Ossuary  | Entered an ossuary
  2748 | Ossuary  | Reached skill level 6 in Axes
  2853 | Ossuary  | Reached XP level 8. HP: 60/60 MP: 8/8
  2950 | Ossuary  | Reached skill level 7 in Axes
  3370 | Ossuary  | Identified a scroll of acquirement
  3371 | Ossuary  | Acquired a +1 broad axe of electrocution
  3482 | D:5      | Killed Edmund
  3877 | D:4      | Reached skill level 8 in Axes
  3881 | D:4      | Reached skill level 5 in Fighting
  3929 | D:4      | Found a staircase to the Ecumenical Temple.
  3938 | D:4      | Noticed Robin
  3955 | D:4      | Killed Robin
  3980 | Temple   | Entered the Ecumenical Temple
  3996 | Temple   | Became a worshipper of the Wu Jian Council
  4238 | D:4      | Reached XP level 9. HP: 68/68 MP: 9/9
  4280 | D:4      | Found an ancient bone altar of Kikubaaqudgha.
  4490 | D:4      | Reached * piety under Wu Jian
  4740 | D:6      | Found a stormy altar of Qazlal.
  4990 | D:5      | Reached skill level 9 in Axes
  5610 | D:6      | Reached skill level 10 in Axes
  5676 | D:6      | Found a sparkling altar of Nemelex Xobeh.
  5712 | D:6      | Found a transporter.
  5826 | D:6      | Found a white marble altar of Elyvilon.
  5886 | D:6      | Reached XP level 10. HP: 58/76 MP: 10/10
  6126 | D:6      | Found a transporter.
  6171 | D:7      | Found a bloodstained altar of Trog.
  6259 | D:6      | Found a sacrificial altar of Ru.
  6627 | D:7      | Found a hide-covered altar of Uskayaw.
  6629 | D:7      | Found an iron altar of Okawaru.
  6630 | D:7      | Found a basalt altar of Yredelemnul.
  6631 | D:7      | Found a shimmering altar of Xom.
  7297 | D:7      | Reached ** piety under Wu Jian
  7719 | D:7      | Found Pauxust's Distillery.
  7722 | D:7      | Bought a potion of heal wounds for 60 gold pieces
  7722 | D:7      | Bought 2 potions of might for 96 gold pieces
  7887 | D:7      | Reached skill level 5 in Armour
  7888 | D:7      | Reached skill level 11 in Axes
  8111 | D:8      | Found Epulead's Self-Improvement Boutique.
  8356 | D:8      | Acquired 948 gold pieces
  8411 | D:8      | Bought a manual of Axes for 800 gold pieces
  8872 | D:9      | Noticed a kobold demonologist
  8885 | D:9      | Reached skill level 12 in Axes
  8889 | D:9      | Killed a kobold demonologist
  8890 | D:9      | Reached XP level 11. HP: 72/85 MP: 11/11
  9107 | D:9      | Noticed a two-headed ogre
  9115 | D:9      | Killed a two-headed ogre
  9218 | D:9      | Reached skill level 13 in Axes
  9222 | D:9      | Reached *** piety under Wu Jian
  9491 | D:10     | Entered Level 10 of the Dungeon
  9497 | D:10     | Found a staircase to the Lair.
  9605 | D:10     | Noticed a two-headed ogre
  9612 | D:10     | Killed a two-headed ogre
  9689 | D:10     | Found a flagged portal.
  9767 | Bailey   | Entered a bailey
 10005 | Bailey   | Reached skill level 14 in Axes
 10010 | Bailey   | Noticed Grum
 10016 | Bailey   | Killed Grum
 10035 | Bailey   | Slain by a gnoll sergeant

Illustrated notes

Levels and vault maps discovered:
D:1:      roderic_crop_circles_arrival_small, layout_basic,
          ebering_ecumenical_altar_hall
D:2:      layout_rooms, basic_altar, uniq_natasha, uniq_sigmund
D:3:      layout_basic, serial_shops, nicolae_shop_crystal, shop, shop,
          nicolae_shop_crystal
D:4:      layout_rooms, lemuel_crystal_altar, minmay_temple_entry_mini_moons,
          uniq_robin
D:5:      layout_loops_corners, nicolae_ossuary_entry_plus,
          serial_library_hellmonk_small_corner, nicolae_wormholes, uniq_edmund
D:6:      gammafunk_cloud_chamber, layout_loops_ring,
          nicolae_ru_the_path_less_chosen, nicolae_qazlal_scattered_showers,
          nicolae_elyvilon_peaceful_grove, nemelex_dance_club_becter
D:7:      layout_rooms, bloody_trog, grunt_temple_overflow_open, serial_shops,
          nicolae_shop_behind_doors, moated_statue, nicolae_letterblocks
          [nicolae_letter_subblock, nicolae_letter_subblock,
          nicolae_letter_subblock, nicolae_letter_subblock,
          nicolae_letter_subblock, nicolae_letter_subblock,
          nicolae_letter_subblock, nicolae_letter_subblock,
          nicolae_letter_subblock, nicolae_letter_subblock,
          nicolae_letter_subblock, nicolae_letter_subblock,
          nicolae_letter_subblock, nicolae_letter_subblock,
          nicolae_letter_subblock, nicolae_letter_subblock,
          nicolae_letter_subblock, nicolae_letter_subblock,
          nicolae_letter_subblock, nicolae_letter_subblock,
          nicolae_letter_subblock, nicolae_letter_subblock,
          nicolae_letter_subblock, nicolae_letter_subblock,
          nicolae_letter_subblock]
D:8:      layout_cave_pools, serial_library_hellmonk_secret_room,
          nicolae_shop_self_help
D:9:      layout_stronghold, uniq_psyche, uniq_erica
D:10:     layout_cave_pools, nicolae_hepliaklqana_monster_ancestors,
          erik_lair_orcish_takeover, enter_bailey_5, nicolae_specific_store,
          grunt_decor_junction
Temple:   jpeg_temple_clearing
Bailey:   bailey_polearm_gnolls_kennysheep, bailey

Skill      XL: |  1  2  3  4  5  6  7  8  9 10 11 |
---------------+----------------------------------+-----
Dodging        | 3 |  3.5
Short Blades   | 1 2 3 4 |  4.8
Axes           | 4 5 6 8 10 12 14 | 14.0
Throwing       | 2 3 |  3.2
Armour         | 1 2 3 4 5 6 |  6.4
Fighting       | 3 4 5 6 7 8 |  8.3
Stealth        | |  0.1

Action                     |  1- 3 |  4- 6 |  7- 9 | 10-12 || total
---------------------------+-------+-------+-------+-------++-------
  Melee: War axe           |    53 |   103 |   193 |       ||   349
         Dagger            |    49 |    97 |   311 |   255 ||   712
         Broad axe         |       |       |   151 |   292 ||   443
  Throw: Boomerang         |       |     3 |    25 |     5 ||    33
Ability: Lunge             |       |       |    21 |    34 ||    55
         Whirlwind         |       |       |     2 |    27 ||    29
         Wall Jump         |       |       |       |    24 ||    24
  Evoke: Wand              |       |       |       |     1 ||     1
    Use: Potion            |       |     3 |     3 |     2 ||     8
         Scroll            |       |     5 |     7 |     8 ||    20
 Armour: Leather armour    |    15 |       |       |       ||    15
         Chain mail        |    41 |    18 |       |       ||    59
         Plate armour      |       |    82 |   299 |   289 ||   670
  Dodge: Dodged            |    34 |    32 |   105 |    98 ||   269

Table legend: (Time is in decaauts)
 A = Elapsed time spent in this place.
 B = Non-inter-level travel time spent in this place.
 C = Inter-level travel time spent in this place.
 D = Time resting spent in this place.
 E = Time spent auto-exploring this place.
 F = Levels seen in this place.
 G = Mean time per level.
                   A        B        C        D        E       F      G
               +--------+--------+--------+--------+--------+-----+--------+
         Total |  10090 |   9767 |    323 |   1935 |   4244 |  13 |  776.2 |
       Dungeon |   8899 |   8576 |    323 |   1543 |   4187 |  10 |  889.9 |
        Temple |     39 |     39 |      0 |      0 |      0 |   1 |   39.0 |
       Ossuary |    885 |    885 |      0 |    316 |     57 |   1 |  885.0 |
        Bailey |    266 |    266 |      0 |     76 |      0 |   1 |  266.0 |
               +--------+--------+--------+--------+--------+-----+--------+

Top non-repeatable levels by time:
     D:7: 1501 daAuts
     D:5: 1464 daAuts
     D:6: 1178 daAuts
     D:3: 961 daAuts
 Ossuary: 885 daAuts
     D:4: 884 daAuts
     D:8: 754 daAuts
     D:9: 717 daAuts
     D:1: 701 daAuts
     D:2: 524 daAuts
  Bailey: 266 daAuts
    D:10: 211 daAuts
  Temple: 39 daAuts
